BlackHawks vs Ducks

Created - March 31 2011 at 17:37

Goals
1 2 3 T
BlackHawks 0 0 0 0
Ducks 0 2 3 5
Shots
1 2 3 T
BlackHawks 9 9 11 29
Ducks 14 12 7 33

Period #1

No Goal

Penalties :
David Clarkson (ANA) for Tripping (Minor) at 2:10, Hal Gill (CHI) for Slashing (Minor) at 6:12, Manny Malhotra (ANA) for Diving (Minor) at 8:30, Dustin Byfuglien (ANA) for Hooking (Minor) at 10:58, Samuel Pahlsson (CHI) for Tripping (Minor) at 13:32, Kris Russell (CHI) for Cross-checking (Minor) at 15:37, Josh Bailey (CHI) for Interference (Minor) at 18:13

Period #2

1. Ducks , Bryan Little 2 (Tom Poti, Andy McDonald) at 7:43 (PP)
2. Ducks , Dustin Byfuglien 7 (Nick Schultz, Andy McDonald) at 16:03

Penalties :
Patrik Berglund (CHI) for Boarding (Minor) at 2:28, Jonathan Toews (ANA) for High sticking (Minor) at 3:46, Chris Campoli (CHI) for Roughing (Minor) at 5:56, Manny Malhotra (ANA) for Holding (Minor) at 10:07, Chris Neil (CHI) for Roughing (Minor) at 17:17

Period #3

3. Ducks , David Clarkson 20 (Andy McDonald) at 6:43
4. Ducks , Mason Raymond 23 (Andy McDonald) at 13:52
5. Ducks , Jonathan Toews 41 (Brandon Dubinsky, David Clarkson) at 15:55

Penalties :
Dustin Byfuglien (ANA) for Interference (Minor) at 1:14, Nick Schultz (ANA) for Kneeing (Major) at 1:34

Goalie Stats

Cristobal Huet (CHI), 28 saves from 33 shots - (0.848), L, 30-33-7, 60:00 minutes
Jonas Hiller (ANA), 29 saves from 29 shots - (1.000), W, 16-11-2, 60:00 minutes

Players Stats

BlackHawks
Player Name              G  A  P  +/- PIM S  H  SB FO    MP 
------------------------------------------------------------
Ales Hemsky              0  0  0  -2  0   4  0  0  6/11  21 
Artem Anisimov           0  0  0  -1  0   1  0  0  5/11  9  
Chris Campoli            0  0  0  -1  2   2  1  0  0/0   22 
Chris Neil               0  0  0  -1  2   0  4  1  0/0   15 
Cory Stillman            0  0  0  -2  0   1  2  1  0/1   21 
Darryl Sydor             0  0  0  -1  0   0  0  2  0/0   16 
David Booth              0  0  0  -1  0   2  1  0  2/3   16 
Hal Gill                 0  0  0  -1  2   0  3  2  0/0   21 
Josh Bailey              0  0  0  -1  2   1  0  0  0/0   6  
Kris Russell             0  0  0   0  2   1  0  2  0/0   11 
Mathieu Darche           0  0  0  -1  0   0  0  0  0/2   9  
Mattias Ohlund           0  0  0  -3  0   3  0  0  0/0   24 
Patrik Berglund          0  0  0  -2  2   1  0  0  5/15  11 
Paul Kariya              0  0  0   0  0   6  0  0  5/15  21 
Samuel Pahlsson          0  0  0   0  2   1  2  0  10/15 20 
Tobias Enstrom           0  0  0  -2  0   1  0  2  0/0   22 
Tyler Kennedy            0  0  0   0  0   0  2  0  1/1   8  
Wayne Primeau            0  0  0  -1  0   5  0  1  7/15  13 
Ducks
Player Name              G  A  P  +/- PIM S  H  SB FO    MP 
------------------------------------------------------------
Andy McDonald            0  4  4   3  0   5  0  0  14/26 18 
Brandon Dubinsky         0  1  1   2  0   4  2  3  1/1   21 
Bryan Little             1  0  1   0  0   4  0  0  1/2   14 
Christian Hanson         0  0  0   0  0   0  0  0  9/20  16 
David Clarkson           1  1  2   2  2   1  1  0  0/1   13 
David Perron             0  0  0   0  0   2  0  0  0/0   11 
Dustin Byfuglien         1  0  1   3  4   1  1  0  0/0   10 
Henrik Tallinder         0  0  0   0  0   0  2  3  0/0   22 
Jakub Voracek            0  0  0   0  0   3  1  0  1/1   14 
Jonathan Toews           1  0  1   1  2   3  0  0  13/22 16 
Kurtis Foster            0  0  0   1  0   2  0  1  0/0   20 
Manny Malhotra           0  0  0   0  4   0  0  0  8/15  12 
Marc-Edouard Vlasic      0  0  0   0  0   0  0  1  0/0   5  
Mason Raymond            1  0  1   3  0   4  1  1  0/0   16 
Nick Schultz             0  1  1   2  5   2  0  1  0/0   20 
Richard Park             0  0  0   0  0   1  0  1  1/1   13 
Rob Scuderi              0  0  0   2  0   0  1  1  0/0   20 
Tom Poti                 0  1  1   1  0   1  0  1  0/0   22 

3 Stars

1 - Jonas Hiller (ANA)
2 - Andy McDonald (ANA)
3 - Mason Raymond (ANA)

Power Play

BlackHawks - 0 on 7 Attempt(s) - 0.00%
Ducks - 1 on 7 Attempt(s) - 14.29%

Penalty Kill

BlackHawks - 6 on 7 Attempt(s) - 85.71% - Score 0 goal in Penalty Kill
Ducks - 7 on 7 Attempt(s) - 100.00% - Score 0 goal in Penalty Kill

Game Notes

Marc-Edouard Vlasic is injured at 12:07 of 1st period (Broken Ribs)

Finance

Level 1 -- Attendance: 4746 (73.02%) -- Ticket Income $474,600.00
Level 2 -- Attendance: 3992 (79.84%) -- Ticket Income $239,520.00
Level 3 -- Attendance: 2922 (83.49%) -- Ticket Income $102,270.00
Level 4 -- Attendance: 1174 (100.00%) -- Ticket Income $23,480.00
Luxury Box -- Attendance: 727 (72.70%) -- Ticket Income $145,400.00
Game was played at the Honda Center
Total Attendance: 13561 (78.96%)
Total Ticket Income: $1,066,663.00
Other Income: $197,563.80
Total Income: $1,264,227.00


Play by Play

Period #1

0:01 of 1st period - Jonathan Toews wins face-off versus Patrik Berglund in neutral zone.
0:24 of 1st period - Shot by David Clarkson.
0:24 of 1st period - Deflect By Brandon Dubinsky.
0:24 of 1st period - Shot Misses the Net.
0:26 of 1st period - Shot by Brandon Dubinsky.
0:26 of 1st period - Shot Blocked by Tobias Enstrom.
0:30 of 1st period - Shot by Jonathan Toews.
0:30 of 1st period - Stopped by Cristobal Huet with a rebound.
0:32 of 1st period - Shot by Tom Poti.
0:32 of 1st period - Shot Misses the Net.
0:36 of 1st period - Shot by Brandon Dubinsky.
0:36 of 1st period - Stopped by Cristobal Huet without a rebound.
0:37 of 1st period - Artem Anisimov wins face-off versus Andy McDonald in BlackHawks zone.
1:14 of 1st period - Andy McDonald is hit by Chris Neil and loses puck.
1:42 of 1st period - Shot by Paul Kariya.
1:42 of 1st period - Deflect By Samuel Pahlsson.
1:42 of 1st period - Shot Misses the Net.
1:44 of 1st period - Shot by Mattias Ohlund.
1:44 of 1st period - Stopped by Jonas Hiller without a rebound.
1:45 of 1st period - Patrik Berglund wins face-off versus Manny Malhotra in Ducks zone.
1:56 of 1st period - Shot by Ales Hemsky.
1:56 of 1st period - Stopped by Jonas Hiller with a rebound.
2:00 of 1st period - Shot by Patrik Berglund.
2:00 of 1st period - Stopped by Jonas Hiller without a rebound.
2:01 of 1st period - Samuel Pahlsson wins face-off versus Jonathan Toews in Ducks zone.
2:10 of 1st period - Minor Penalty to David Clarkson for Tripping.
2:11 of 1st period - Samuel Pahlsson wins face-off versus Manny Malhotra in Ducks zone.
2:29 of 1st period - Icing by Samuel Pahlsson.
2:30 of 1st period - Christian Hanson wins face-off versus Samuel Pahlsson in BlackHawks zone.
2:31 of 1st period - Shot by Tom Poti.
2:31 of 1st period - Stopped by Cristobal Huet with a rebound.
3:11 of 1st period - Shot by Paul Kariya.
3:11 of 1st period - Shot Blocked by Henrik Tallinder.
3:13 of 1st period - Shot by Wayne Primeau.
3:13 of 1st period - Stopped by Jonas Hiller without a rebound.
3:14 of 1st period - Christian Hanson wins face-off versus Paul Kariya in Ducks zone.
3:20 of 1st period - Icing by Hal Gill.
3:21 of 1st period - Wayne Primeau wins face-off versus Christian Hanson in BlackHawks zone.
4:32 of 1st period - Shot by Andy McDonald.
4:32 of 1st period - Shot Blocked by Cory Stillman.
4:42 of 1st period - Shot by Mason Raymond.
4:42 of 1st period - Shot Misses the Net.
4:50 of 1st period - Shot by Mason Raymond.
4:50 of 1st period - Stopped by Cristobal Huet with a rebound.
5:40 of 1st period - Shot by Tyler Kennedy.
5:40 of 1st period - Shot Misses the Net.
6:11 of 1st period - Henrik Tallinder is hit by Hal Gill and loses puck.
6:12 of 1st period - Minor Penalty to Hal Gill for Slashing.
6:13 of 1st period - Andy McDonald wins face-off versus Wayne Primeau in BlackHawks zone.
6:18 of 1st period - Shot by Andy McDonald.
6:18 of 1st period - Stopped by Cristobal Huet without a rebound.
6:19 of 1st period - Jonathan Toews wins face-off versus Wayne Primeau in BlackHawks zone.
6:50 of 1st period - Shot by Jakub Voracek.
6:50 of 1st period - Deflect By Mason Raymond.
6:50 of 1st period - Stopped by Cristobal Huet with a rebound.
8:01 of 1st period - Shot by Paul Kariya.
8:01 of 1st period - Stopped by Jonas Hiller without a rebound.
8:02 of 1st period - Paul Kariya wins face-off versus Andy McDonald in Ducks zone.
8:30 of 1st period - Minor Penalty to Manny Malhotra for Diving.
8:31 of 1st period - Christian Hanson wins face-off versus Cory Stillman in Ducks zone.
8:31 of 1st period - Christian Hanson is hit by Samuel Pahlsson.
8:39 of 1st period - Shot by Tobias Enstrom.
8:39 of 1st period - Shot Blocked by Richard Park.
8:49 of 1st period - Shot by Tobias Enstrom.
8:49 of 1st period - Deflect By Ales Hemsky.
8:49 of 1st period - Shot Misses the Net.
9:50 of 1st period - Shot by Paul Kariya.
9:50 of 1st period - Stopped by Jonas Hiller without a rebound.
9:51 of 1st period - David Booth wins face-off versus Jonathan Toews in Ducks zone.
10:00 of 1st period - Shot by Paul Kariya.
10:00 of 1st period - Shot Blocked by Brandon Dubinsky.
10:09 of 1st period - David Booth is hit by Henrik Tallinder and loses puck.
10:53 of 1st period - Shot by Andy McDonald.
10:53 of 1st period - Deflect By Mason Raymond.
10:53 of 1st period - Shot Misses the Net.
10:58 of 1st period - Minor Penalty to Dustin Byfuglien for Hooking.
10:59 of 1st period - Wayne Primeau wins face-off versus Christian Hanson in Ducks zone.
11:06 of 1st period - Shot by David Booth.
11:06 of 1st period - Stopped by Jonas Hiller without a rebound.
11:07 of 1st period - Christian Hanson wins face-off versus Wayne Primeau in Ducks zone.
12:07 of 1st period - Shot by Cory Stillman.
12:07 of 1st period - Shot Blocked by Marc-Edouard Vlasic.
12:07 of 1st period - Marc-Edouard Vlasic from Ducks is injured at 12:07 of 1st period (Broken Ribs).
12:08 of 1st period - Artem Anisimov wins face-off versus Christian Hanson in Ducks zone.
12:21 of 1st period - Shot by Chris Campoli.
12:21 of 1st period - Stopped by Jonas Hiller without a rebound.
12:22 of 1st period - Christian Hanson wins face-off versus Paul Kariya in Ducks zone.
12:45 of 1st period - Shot by Paul Kariya.
12:45 of 1st period - Shot Blocked by Rob Scuderi.
12:47 of 1st period - Shot by Darryl Sydor.
12:47 of 1st period - Shot Blocked by Tom Poti.
13:01 of 1st period - Shot by Ales Hemsky.
13:01 of 1st period - Shot Misses the Net.
13:11 of 1st period - Shot by Andy McDonald.
13:11 of 1st period - Stopped by Cristobal Huet without a rebound.
13:12 of 1st period - Andy McDonald wins face-off versus Samuel Pahlsson in BlackHawks zone.
13:13 of 1st period - Shot by Mason Raymond.
13:13 of 1st period - Stopped by Cristobal Huet without a rebound.
13:14 of 1st period - Samuel Pahlsson wins face-off versus Andy McDonald in BlackHawks zone.
13:32 of 1st period - Minor Penalty to Samuel Pahlsson for Tripping.
13:33 of 1st period - Jonathan Toews wins face-off versus Ales Hemsky in BlackHawks zone.
14:42 of 1st period - Icing by Brandon Dubinsky.
14:43 of 1st period - Andy McDonald wins face-off versus Paul Kariya in Ducks zone.
15:24 of 1st period - Shot by Nick Schultz.
15:24 of 1st period - Stopped by Cristobal Huet without a rebound.
15:25 of 1st period - Paul Kariya wins face-off versus Andy McDonald in BlackHawks zone.
15:37 of 1st period - Minor Penalty to Kris Russell for Cross-checking.
15:38 of 1st period - Paul Kariya wins face-off versus Jonathan Toews in BlackHawks zone.
16:23 of 1st period - Shot by Kurtis Foster.
16:23 of 1st period - Stopped by Cristobal Huet without a rebound.
16:24 of 1st period - Andy McDonald wins face-off versus Paul Kariya in BlackHawks zone.
16:34 of 1st period - Mason Raymond is hit by David Booth and loses puck.
17:03 of 1st period - Shot by Paul Kariya.
17:03 of 1st period - Shot Misses the Net.
17:09 of 1st period - Shot by Paul Kariya.
17:09 of 1st period - Stopped by Jonas Hiller with a rebound.
17:20 of 1st period - Icing by Rob Scuderi.
17:21 of 1st period - Ales Hemsky wins face-off versus Andy McDonald in Ducks zone.
18:13 of 1st period - Minor Penalty to Josh Bailey for Interference.
18:14 of 1st period - Ales Hemsky wins face-off versus Jonathan Toews in BlackHawks zone.
18:27 of 1st period - Shot by Brandon Dubinsky.
18:27 of 1st period - Stopped by Cristobal Huet with a rebound.
18:31 of 1st period - Shot by Bryan Little.
18:31 of 1st period - Stopped by Cristobal Huet without a rebound.
18:32 of 1st period - Jonathan Toews wins face-off versus Paul Kariya in BlackHawks zone.
18:47 of 1st period - Shot by Kurtis Foster.
18:47 of 1st period - Shot Misses the Net.
18:49 of 1st period - Shot by Kurtis Foster.
18:49 of 1st period - Stopped by Cristobal Huet without a rebound.
18:50 of 1st period - Jonathan Toews wins face-off versus Ales Hemsky in BlackHawks zone.
18:53 of 1st period - Shot by Dustin Byfuglien.
18:53 of 1st period - Shot Misses the Net.
18:55 of 1st period - Shot by Jonathan Toews.
18:55 of 1st period - Deflect By Jakub Voracek.
18:55 of 1st period - Stopped by Cristobal Huet without a rebound.
18:56 of 1st period - Ales Hemsky wins face-off versus Jonathan Toews in BlackHawks zone.
19:25 of 1st period - Shot by Mason Raymond.
19:25 of 1st period - Shot Misses the Net.
19:36 of 1st period - Icing by Andy McDonald.
19:37 of 1st period - Paul Kariya wins face-off versus Andy McDonald in Ducks zone.

Period #2

0:01 of 2nd period - Ales Hemsky wins face-off versus Bryan Little in neutral zone.
0:01 of 2nd period - Ales Hemsky is hit by Brandon Dubinsky.
0:04 of 2nd period - Chris Campoli is hit by Brandon Dubinsky.
0:06 of 2nd period - Shot by Cory Stillman.
0:06 of 2nd period - Shot Misses the Net.
0:08 of 2nd period - Shot by Chris Campoli.
0:08 of 2nd period - Stopped by Jonas Hiller without a rebound.
0:09 of 2nd period - Paul Kariya wins face-off versus Jonathan Toews in Ducks zone.
0:14 of 2nd period - Shot by Paul Kariya.
0:14 of 2nd period - Stopped by Jonas Hiller with a rebound.
1:26 of 2nd period - Icing by Nick Schultz.
1:27 of 2nd period - Samuel Pahlsson wins face-off versus Andy McDonald in Ducks zone.
1:31 of 2nd period - Icing by Mason Raymond.
1:32 of 2nd period - Samuel Pahlsson wins face-off versus Andy McDonald in Ducks zone.
1:59 of 2nd period - Icing by Nick Schultz.
2:00 of 2nd period - Andy McDonald wins face-off versus Patrik Berglund in Ducks zone.
2:28 of 2nd period - Minor Penalty to Patrik Berglund for Boarding.
2:29 of 2nd period - Jonathan Toews wins face-off versus Paul Kariya in BlackHawks zone.
3:02 of 2nd period - Shot by Jonathan Toews.
3:02 of 2nd period - Stopped by Cristobal Huet without a rebound.
3:03 of 2nd period - Ales Hemsky wins face-off versus Andy McDonald in BlackHawks zone.
3:09 of 2nd period - Icing by Brandon Dubinsky.
3:10 of 2nd period - Ales Hemsky wins face-off versus Andy McDonald in Ducks zone.
3:45 of 2nd period - Mattias Ohlund is hit by Mason Raymond and loses puck.
3:46 of 2nd period - Minor Penalty to Jonathan Toews for High sticking.
3:47 of 2nd period - Jakub Voracek wins face-off versus Paul Kariya in Ducks zone.
3:56 of 2nd period - Mason Raymond is hit by Samuel Pahlsson and loses puck.
5:56 of 2nd period - Minor Penalty to Chris Campoli for Roughing.
5:57 of 2nd period - David Booth wins face-off versus Jonathan Toews in BlackHawks zone.
6:20 of 2nd period - Shot by Mason Raymond.
6:20 of 2nd period - Shot Blocked by Kris Russell.
6:22 of 2nd period - Shot by Nick Schultz.
6:22 of 2nd period - Stopped by Cristobal Huet without a rebound.
6:23 of 2nd period - Andy McDonald wins face-off versus Ales Hemsky in BlackHawks zone.
6:38 of 2nd period - Shot by Brandon Dubinsky.
6:38 of 2nd period - Stopped by Cristobal Huet without a rebound.
6:39 of 2nd period - Jonathan Toews wins face-off versus Paul Kariya in BlackHawks zone.
7:19 of 2nd period - Shot by Andy McDonald.
7:19 of 2nd period - Shot Misses the Net.
7:21 of 2nd period - Shot by Tom Poti.
7:21 of 2nd period - Shot Blocked by Tobias Enstrom.
7:23 of 2nd period - Shot by Bryan Little.
7:23 of 2nd period - Deflect By Andy McDonald.
7:23 of 2nd period - Shot Blocked by Hal Gill.
7:25 of 2nd period - Shot by Bryan Little.
7:25 of 2nd period - Stopped by Cristobal Huet without a rebound.
7:26 of 2nd period - Andy McDonald wins face-off versus Ales Hemsky in BlackHawks zone.
7:39 of 2nd period - Shot by Andy McDonald.
7:39 of 2nd period - Shot Misses the Net.
7:43 of 2nd period - Shot by Bryan Little.
7:43 of 2nd period - Goal by Bryan Little - BlackHawks : 0 - Ducks : 1.
7:44 of 2nd period - Wayne Primeau wins face-off versus Christian Hanson in neutral zone.
7:56 of 2nd period - Shot by Bryan Little.
7:56 of 2nd period - Stopped by Cristobal Huet without a rebound.
7:57 of 2nd period - Manny Malhotra wins face-off versus Artem Anisimov in BlackHawks zone.
8:18 of 2nd period - Shot by Manny Malhotra.
8:18 of 2nd period - Shot Misses the Net.
8:20 of 2nd period - Shot by Jakub Voracek.
8:20 of 2nd period - Stopped by Cristobal Huet without a rebound.
8:21 of 2nd period - Andy McDonald wins face-off versus Mathieu Darche in BlackHawks zone.
8:34 of 2nd period - Shot by Andy McDonald.
8:34 of 2nd period - Stopped by Cristobal Huet without a rebound.
8:35 of 2nd period - Bryan Little wins face-off versus Patrik Berglund in BlackHawks zone.
9:09 of 2nd period - Cory Stillman is hit by Rob Scuderi and loses puck.
9:58 of 2nd period - Shot by Andy McDonald.
9:58 of 2nd period - Stopped by Cristobal Huet with a rebound.
10:07 of 2nd period - Minor Penalty to Manny Malhotra for Holding.
10:08 of 2nd period - Jonathan Toews wins face-off versus Wayne Primeau in Ducks zone.
10:46 of 2nd period - Shot by Wayne Primeau.
10:46 of 2nd period - Shot Misses the Net.
10:59 of 2nd period - Shot by Samuel Pahlsson.
10:59 of 2nd period - Shot Misses the Net.
11:03 of 2nd period - Shot by Kris Russell.
11:03 of 2nd period - Stopped by Jonas Hiller without a rebound.
11:04 of 2nd period - Wayne Primeau wins face-off versus Christian Hanson in Ducks zone.
13:08 of 2nd period - Shot by Christian Hanson.
13:08 of 2nd period - Shot Misses the Net.
13:12 of 2nd period - Shot by David Perron.
13:12 of 2nd period - Stopped by Cristobal Huet without a rebound.
13:13 of 2nd period - Andy McDonald wins face-off versus Wayne Primeau in BlackHawks zone.
13:30 of 2nd period - Shot by Cory Stillman.
13:30 of 2nd period - Deflect By Wayne Primeau.
13:30 of 2nd period - Stopped by Jonas Hiller without a rebound.
13:31 of 2nd period - Patrik Berglund wins face-off versus Manny Malhotra in Ducks zone.
13:31 of 2nd period - Patrik Berglund is hit by Henrik Tallinder.
13:33 of 2nd period - Shot by Ales Hemsky.
13:33 of 2nd period - Stopped by Jonas Hiller without a rebound.
13:34 of 2nd period - Manny Malhotra wins face-off versus Patrik Berglund in Ducks zone.
13:34 of 2nd period - Manny Malhotra is hit by Cory Stillman.
13:59 of 2nd period - Icing by Henrik Tallinder.
14:00 of 2nd period - Richard Park wins face-off versus Artem Anisimov in Ducks zone.
14:05 of 2nd period - Shot by Artem Anisimov.
14:05 of 2nd period - Stopped by Jonas Hiller without a rebound.
14:06 of 2nd period - Artem Anisimov wins face-off versus David Clarkson in Ducks zone.
14:27 of 2nd period - Shot by Artem Anisimov.
14:27 of 2nd period - Shot Misses the Net.
14:29 of 2nd period - Shot by Ales Hemsky.
14:29 of 2nd period - Stopped by Jonas Hiller with a rebound.
14:58 of 2nd period - Shot by Mattias Ohlund.
14:58 of 2nd period - Shot Misses the Net.
15:02 of 2nd period - Shot by Wayne Primeau.
15:02 of 2nd period - Stopped by Jonas Hiller without a rebound.
15:03 of 2nd period - Samuel Pahlsson wins face-off versus Christian Hanson in Ducks zone.
15:23 of 2nd period - Off-side.
15:24 of 2nd period - Manny Malhotra wins face-off versus Artem Anisimov in neutral zone.
15:45 of 2nd period - Shot by Jakub Voracek.
15:45 of 2nd period - Stopped by Cristobal Huet without a rebound.
15:46 of 2nd period - Andy McDonald wins face-off versus Wayne Primeau in BlackHawks zone.
15:57 of 2nd period - Shot by Andy McDonald.
15:57 of 2nd period - Shot Blocked by Darryl Sydor.
15:59 of 2nd period - Shot by Dustin Byfuglien.
15:59 of 2nd period - Shot Blocked by Wayne Primeau.
16:03 of 2nd period - Shot by Dustin Byfuglien.
16:03 of 2nd period - Goal by Dustin Byfuglien - BlackHawks : 0 - Ducks : 2.
16:04 of 2nd period - Tyler Kennedy wins face-off versus Christian Hanson in neutral zone.
16:33 of 2nd period - Shot by David Perron.
16:33 of 2nd period - Shot Blocked by Kris Russell.
17:15 of 2nd period - Off-side.
17:16 of 2nd period - Jonathan Toews wins face-off versus Artem Anisimov in neutral zone.
17:16 of 2nd period - Brandon Dubinsky is hit by Chris Neil and loses puck.
17:17 of 2nd period - Minor Penalty to Chris Neil for Roughing.
17:18 of 2nd period - Jonathan Toews wins face-off versus Paul Kariya in BlackHawks zone.
17:19 of 2nd period - Shot by Mason Raymond.
17:19 of 2nd period - Shot Blocked by Darryl Sydor.
17:26 of 2nd period - Icing by Mason Raymond.
17:27 of 2nd period - Jonathan Toews wins face-off versus Paul Kariya in Ducks zone.
18:46 of 2nd period - Icing by Brandon Dubinsky.
18:47 of 2nd period - Andy McDonald wins face-off versus Ales Hemsky in Ducks zone.
18:47 of 2nd period - Andy McDonald is hit by Cory Stillman.
19:15 of 2nd period - Darryl Sydor is hit by Jakub Voracek and loses puck.
19:28 of 2nd period - Shot by Wayne Primeau.
19:28 of 2nd period - Shot Blocked by Henrik Tallinder.
19:30 of 2nd period - Shot by Wayne Primeau.
19:30 of 2nd period - Shot Misses the Net.
19:34 of 2nd period - Shot by Wayne Primeau.
19:34 of 2nd period - Stopped by Jonas Hiller without a rebound.
19:35 of 2nd period - Artem Anisimov wins face-off versus Manny Malhotra in Ducks zone.
19:45 of 2nd period - Rob Scuderi is hit by Hal Gill.
19:57 of 2nd period - Shot by David Booth.
19:57 of 2nd period - Shot Misses the Net.

Period #3

0:01 of 3rd period - Jonathan Toews wins face-off versus Patrik Berglund in neutral zone.
0:42 of 3rd period - Cory Stillman is hit by David Clarkson and loses puck.
1:08 of 3rd period - David Clarkson is hit by Chris Campoli and loses puck.
1:14 of 3rd period - Minor Penalty to Dustin Byfuglien for Interference.
1:15 of 3rd period - Wayne Primeau wins face-off versus Manny Malhotra in Ducks zone.
1:25 of 3rd period - Shot by Paul Kariya.
1:25 of 3rd period - Deflect By Chris Neil.
1:25 of 3rd period - Shot Misses the Net.
1:29 of 3rd period - Shot by Paul Kariya.
1:29 of 3rd period - Stopped by Jonas Hiller with a rebound.
1:31 of 3rd period - Shot by Hal Gill.
1:31 of 3rd period - Shot Blocked by Nick Schultz.
1:34 of 3rd period - Major Penalty to Nick Schultz for Kneeing.
1:35 of 3rd period - Manny Malhotra wins face-off versus Samuel Pahlsson in Ducks zone.
1:45 of 3rd period - Off-side.
1:46 of 3rd period - Manny Malhotra wins face-off versus Wayne Primeau in neutral zone.
2:35 of 3rd period - Brandon Dubinsky is hit by Chris Neil and loses puck.
3:13 of 3rd period - Shot by Tobias Enstrom.
3:13 of 3rd period - Stopped by Jonas Hiller with a rebound.
3:15 of 3rd period - Shot by Tobias Enstrom.
3:15 of 3rd period - Shot Misses the Net.
3:17 of 3rd period - Shot by Samuel Pahlsson.
3:17 of 3rd period - Shot Blocked by Henrik Tallinder.
3:19 of 3rd period - Shot by Samuel Pahlsson.
3:19 of 3rd period - Deflect By Ales Hemsky.
3:19 of 3rd period - Shot Misses the Net.
3:21 of 3rd period - Shot by Samuel Pahlsson.
3:21 of 3rd period - Stopped by Jonas Hiller without a rebound.
3:22 of 3rd period - Samuel Pahlsson wins face-off versus Christian Hanson in Ducks zone.
3:23 of 3rd period - Shot by Tobias Enstrom.
3:23 of 3rd period - Shot Misses the Net.
3:25 of 3rd period - Shot by Samuel Pahlsson.
3:25 of 3rd period - Deflect By Ales Hemsky.
3:25 of 3rd period - Shot Blocked by Brandon Dubinsky.
3:29 of 3rd period - Shot by Cory Stillman.
3:29 of 3rd period - Deflect By Ales Hemsky.
3:29 of 3rd period - Shot Misses the Net.
3:31 of 3rd period - Shot by Mattias Ohlund.
3:31 of 3rd period - Stopped by Jonas Hiller without a rebound.
3:32 of 3rd period - Brandon Dubinsky wins face-off versus Samuel Pahlsson in Ducks zone.
4:19 of 3rd period - Shot by Josh Bailey.
4:19 of 3rd period - Shot Misses the Net.
4:21 of 3rd period - Shot by Josh Bailey.
4:21 of 3rd period - Stopped by Jonas Hiller without a rebound.
4:22 of 3rd period - Christian Hanson wins face-off versus Mathieu Darche in Ducks zone.
4:50 of 3rd period - Icing by David Booth.
4:51 of 3rd period - Christian Hanson wins face-off versus David Booth in BlackHawks zone.
6:16 of 3rd period - Icing by Chris Campoli.
6:17 of 3rd period - Manny Malhotra wins face-off versus Wayne Primeau in BlackHawks zone.
6:18 of 3rd period - Shot by Kurtis Foster.
6:18 of 3rd period - Shot Misses the Net.
6:20 of 3rd period - Shot by Manny Malhotra.
6:20 of 3rd period - Shot Blocked by Hal Gill.
6:43 of 3rd period - Shot by David Clarkson.
6:43 of 3rd period - Goal by David Clarkson - BlackHawks : 0 - Ducks : 3.
6:44 of 3rd period - Patrik Berglund wins face-off versus Christian Hanson in neutral zone.
7:20 of 3rd period - Icing by Patrik Berglund.
7:21 of 3rd period - Andy McDonald wins face-off versus Patrik Berglund in BlackHawks zone.
8:02 of 3rd period - Shot by David Booth.
8:02 of 3rd period - Stopped by Jonas Hiller without a rebound.
8:03 of 3rd period - Samuel Pahlsson wins face-off versus Jonathan Toews in Ducks zone.
9:57 of 3rd period - Christian Hanson is hit by Tyler Kennedy and loses puck.
10:01 of 3rd period - Icing by Brandon Dubinsky.
10:02 of 3rd period - Wayne Primeau wins face-off versus Christian Hanson in Ducks zone.
10:15 of 3rd period - Shot by David Booth.
10:15 of 3rd period - Shot Misses the Net.
10:17 of 3rd period - Shot by Darryl Sydor.
10:17 of 3rd period - Shot Blocked by Brandon Dubinsky.
10:20 of 3rd period - Icing by Bryan Little.
10:21 of 3rd period - Christian Hanson wins face-off versus Artem Anisimov in Ducks zone.
11:52 of 3rd period - Shot by Tyler Kennedy.
11:52 of 3rd period - Shot Misses the Net.
11:56 of 3rd period - Shot by Kris Russell.
11:56 of 3rd period - Shot Misses the Net.
12:11 of 3rd period - Icing by Paul Kariya.
12:12 of 3rd period - Samuel Pahlsson wins face-off versus Manny Malhotra in BlackHawks zone.
13:20 of 3rd period - Shot by Bryan Little.
13:20 of 3rd period - Shot Misses the Net.
13:24 of 3rd period - Shot by Bryan Little.
13:24 of 3rd period - Deflect By David Perron.
13:24 of 3rd period - Shot Blocked by Chris Neil.
13:48 of 3rd period - Shot by Richard Park.
13:48 of 3rd period - Stopped by Cristobal Huet without a rebound.
13:49 of 3rd period - Andy McDonald wins face-off versus Patrik Berglund in BlackHawks zone.
13:52 of 3rd period - Shot by Mason Raymond.
13:52 of 3rd period - Goal by Mason Raymond - BlackHawks : 0 - Ducks : 4.
13:53 of 3rd period - Andy McDonald wins face-off versus Patrik Berglund in neutral zone.
14:00 of 3rd period - Shot by Andy McDonald.
14:00 of 3rd period - Stopped by Cristobal Huet without a rebound.
14:01 of 3rd period - Christian Hanson wins face-off versus Patrik Berglund in BlackHawks zone.
14:04 of 3rd period - Shot by David Perron.
14:04 of 3rd period - Stopped by Cristobal Huet without a rebound.
14:05 of 3rd period - Patrik Berglund wins face-off versus Manny Malhotra in BlackHawks zone.
14:12 of 3rd period - Shot by Richard Park.
14:12 of 3rd period - Deflect By Manny Malhotra.
14:12 of 3rd period - Shot Misses the Net.
14:36 of 3rd period - Shot by Cory Stillman.
14:36 of 3rd period - Stopped by Jonas Hiller without a rebound.
14:37 of 3rd period - Artem Anisimov wins face-off versus Andy McDonald in Ducks zone.
14:44 of 3rd period - David Booth is hit by Dustin Byfuglien and loses puck.
14:55 of 3rd period - Shot by Hal Gill.
14:55 of 3rd period - Shot Misses the Net.
14:59 of 3rd period - Shot by David Booth.
14:59 of 3rd period - Shot Misses the Net.
15:01 of 3rd period - Shot by Chris Campoli.
15:01 of 3rd period - Shot Blocked by Mason Raymond.
15:03 of 3rd period - Shot by Chris Neil.
15:03 of 3rd period - Shot Misses the Net.
15:26 of 3rd period - Shot by Wayne Primeau.
15:26 of 3rd period - Stopped by Jonas Hiller without a rebound.
15:27 of 3rd period - Jonathan Toews wins face-off versus Patrik Berglund in Ducks zone.
15:51 of 3rd period - Shot by Brandon Dubinsky.
15:51 of 3rd period - Shot Misses the Net.
15:55 of 3rd period - Shot by Jonathan Toews.
15:55 of 3rd period - Goal by Jonathan Toews - BlackHawks : 0 - Ducks : 5.
15:56 of 3rd period - Wayne Primeau wins face-off versus Christian Hanson in neutral zone.
16:47 of 3rd period - Off-side.
16:48 of 3rd period - Manny Malhotra wins face-off versus Samuel Pahlsson in neutral zone.
16:48 of 3rd period - Manny Malhotra is hit by Tyler Kennedy.
16:57 of 3rd period - Brandon Dubinsky is hit by Hal Gill and loses puck.
17:12 of 3rd period - Shot by Brandon Dubinsky.
17:12 of 3rd period - Stopped by Cristobal Huet without a rebound.
17:13 of 3rd period - Patrik Berglund wins face-off versus Andy McDonald in BlackHawks zone.
17:36 of 3rd period - Shot by Ales Hemsky.
17:36 of 3rd period - Shot Blocked by Kurtis Foster.
17:40 of 3rd period - Shot by Ales Hemsky.
17:40 of 3rd period - Stopped by Jonas Hiller without a rebound.
17:41 of 3rd period - Manny Malhotra wins face-off versus Artem Anisimov in Ducks zone.
17:41 of 3rd period - Jakub Voracek is hit by Chris Neil and loses puck.
18:45 of 3rd period - Shot by Patrik Berglund.
18:45 of 3rd period - Shot Misses the Net.
18:47 of 3rd period - Shot by Mattias Ohlund.
18:47 of 3rd period - Stopped by Jonas Hiller without a rebound.
18:48 of 3rd period - Samuel Pahlsson wins face-off versus Jonathan Toews in Ducks zone.
19:01 of 3rd period - Shot by Paul Kariya.
19:01 of 3rd period - Stopped by Jonas Hiller with a rebound.


Output by the SimonT Hockey Simulator (STHS) for Stephane Roy -- Original Page W3C XHTML 1.0 Valid